 Dungeon Crawl Stone Soup version 0.25.0-15-gac7dcb8919 (webtiles) character file.

Game seed: 3308537775029959199

21 grindst0ne the Skirmisher (level 3, -6/29 HPs)
             Began as a Human Chaos Knight on June 28, 2020.
             Was a Plaything of Xom.
             Mangled by a shock serpent (glowing shapeshifter) (16 damage)
             ... on level 1 of the Dungeon.
             The game lasted 00:01:31 (537 turns).

grindst0ne the Skirmisher (Human Chaos Knight)       Turns: 537, Time: 00:01:32

Health: -6/29      AC:  5    Str: 13    XL:     3   Next: 5%
Magic:  3/3        EV: 11    Int: 12    God:    Xom [...*..]
Gold:   33         SH:  0    Dex: 12    Spells: 2/2 levels left

rFire    . . .     SeeInvis .   a - +0 hand axe (chaos)
rCold    . . .     Gourm    .   (no shield)
rNeg     . . .     Faith    .   b - +2 leather armour
rPois    .         Spirit   .   (no helmet)
rElec    .         Reflect  .   (no cloak)
rCorr    .         Harm     .   (no gloves)
MR       .....                  (no boots)
Stlth    +.........             (no amulet)
HPRegen  0.09/turn              (no ring)
MPRegen  0.08/turn              (no ring)

@: no status effects
A: no striking features
a: Renounce Religion


You were on level 1 of the Dungeon.
You worshipped Xom.
You were a favourite toy of Xom.
You were not hungry.

You visited 1 branch of the dungeon, and saw 1 of its levels.

You collected 33 gold pieces.

Inventory:

Hand Weapons
 a - a +0 hand axe of chaos (weapon)
Armour
 b - a +2 leather armour (worn)
Potions
 e - a potion of ambrosia {unknown}
Comestibles
 c - a ration
 d - 3 chunks of flesh


   Skills:
 + Level 3.5 Fighting
 + Level 3.5 Axes
 - Level 2.0 Armour
 - Level 1.0 Dodging


You had 2 spell levels left.
You didn't know any spells.
Your spell library was empty.

Dungeon Overview and Level Annotations

Branches:
Dungeon (1/15)

Altars:


Message History

The wolf spider is lightly wounded.
The wolf spider changes into an eye of devastation!
As you read the scroll labeled DIG UDUSCHEITIE, it crumbles to dust.
You feel blessed for a moment.
It was a scroll of remove curse.
You hit the eye of devastation. You burn the eye of devastation.
The eye of devastation is lightly wounded.
Xom opens a gate.
You hit the eye of devastation but do no damage.
The eye of devastation is poisoned.
The eye of devastation is lightly wounded.
The eye of devastation changes into a shock serpent!
You barely miss the shock serpent. The shock serpent bites you.
The shock serpent shocks you!
Your crimson imp hits the shock serpent.
You swap places.
The shock serpent misses you.
Your crimson imp misses the shock serpent.
The shock serpent bites you!
Ouch! That really hurt!
You die...
Xom chortles!

#.........# #.
#########.### #>
........... #.
.######.### #. #.# #.
#.# ###.### #.#
#.....# #.# #...@.#
#.#
#...S.###########.###
#.....5.[............
#..$#################
#... ####


You could see a shock serpent shaped shifter and a friendly crimson imp
(summoned).

Vanquished Creatures
  A goblin (D:1)
  4 hobgoblins (D:1)
  4 jackals (D:1)
  2 kobolds (D:1)
  2 bats (D:1)
  A frilled lizard (D:1)
  3 rats (D:1)
17 creatures vanquished.

Vanquished Creatures (others)
  A dart slug (D:1)
1 creature vanquished.

Grand Total: 18 creatures vanquished

Notes
Turn   | Place    | Note
-------+----------+-------------------------------------------
     0 | D:1      | grindst0ne the Human Chaos Knight began the quest for the
                  | Orb.
     0 | D:1      | Reached XP level 1. HP: 18/18 MP: 1/1
   105 | D:1      | Reached XP level 2. HP: 21/24 MP: 2/2
   240 | D:1      | XOM: divination: detect creatures
   346 | D:1      | Reached XP level 3. HP: 27/29 MP: 3/3
   530 | D:1      | Noticed a glowing shapeshifter
   530 | D:1      | a kobold changed into a glowing shapeshifter
   530 | D:1      | Noticed a wolf spider
   530 | D:1      | a glowing shapeshifter changed into a wolf spider
   531 | D:1      | Noticed an eye of devastation
   531 | D:1      | a wolf spider changed into an eye of devastation
   533 | D:1      | XOM: summons friendly crimson imp
   534 | D:1      | Noticed a shock serpent
   534 | D:1      | an eye of devastation changed into a shock serpent
   537 | D:1      | Mangled by a shock serpent (glowing shapeshifter)

Illustrated notes

Levels and vault maps discovered:
D:1:      minmay_arrival_jagged, layout_basic

Action                   || total
-------------------------++-------
Melee: Hand axe          ||    47
  Use: Scroll            ||     1
Armor: Leather armour    ||    13
Dodge: Dodged            ||    20
